 Dungeon Crawl Stone Soup version 0.26-a0-639-g72c4674329 (webtiles) character file.

Game seed: 354869528379271361

297845 Flugslaktarn the Slayer (level 20, -32/200 HPs)
             Began as a Minotaur Fighter on Sept 19, 2020.
             Was the Champion of Cheibriados.
             Killed from afar by a lich (92 damage)
             ... with a crystal spear
             ... on level 4 of the Abyss.
             The game lasted 00:19:45 (29065 turns).

Flugslaktarn the Slayer (Minotaur Fighter)         Turns: 29065, Time: 00:19:45

Health: -32/200    AC: 41    Str: 50    XL:     20   Next: 11%
Magic:  28/28      EV: 22    Int: 20    God:    Cheibriados [******]
Gold:   3320       SH: 19    Dex: 26    Spells: 19/19 levels left

rFire    + + .     SeeInvis +   u - +11 broad axe of Somewhere Else {vorpal, Fragile rElec rPois Str+6}
rCold    + + +     Faith    .   c - +0 kite shield
rNeg     + . .     Spirit   .   U - +6 gold dragon scales
rPois    +         Reflect  .   (helmet restricted)
rElec    +         Harm     .   A - +2 cloak
rCorr    .         Rampage  .   P - +1 pair of gloves of the Serpent {rF+ SInv}
MR       +....                  N - +2 pair of boots
Stlth    ..........             s - amulet of the acrobat
HPRegen  0.43/turn              p - +4 ring of protection
MPRegen  0.21/turn              J - ring of Sunlight {rC++ rN+}

@: liquid flames, glowing, very slow
A: retaliatory headbutt, horns 2, deterioration 1
}: 2/15 runes: barnacled, gossamer
a: Bend Time, Temporal Distortion, Slouch, Step From Time, Renounce Religion


You were on level 4 of the Abyss.
You worshipped Cheibriados.
Cheibriados was exalted by your worship.
You visited 7 branches of the dungeon, and saw 36 of its levels.
You visited the Abyss 1 time.
You also visited: Ossuary.

You collected 4651 gold pieces.
You spent 1331 gold pieces at shops.

Inventory:

Hand Weapons
 u - the +11 broad axe of Somewhere Else (weapon) {vorpal, Fragile rElec rPois Str+6}
   (You bought it in a shop on level 12 of the Dungeon)

   It inflicts extra damage upon your enemies.
   It affects your strength (+6).
   It insulates you from electricity.
   It protects you from poison.
   It will be destroyed if unequipped.
Missiles
 E - 4 throwing nets (quivered)
Armour
 c - a +0 kite shield (worn)
 A - a +2 cloak (worn)
   (You took it off Crazy Yiuf on level 5 of the Dungeon)
 N - a +2 pair of boots (worn)
   (You found it on level 14 of the Dungeon)
 P - the +1 pair of gloves of the Serpent (worn) {rF+ SInv}
   (You bought it in a shop on level 2 of the Orcish Mines)

   It protects you from fire.
   It lets you see invisible.
 U - +6 gold dragon scales (worn)
   (You found it on level 5 of the Depths)
Jewellery
 o - an uncursed ring of poison resistance
   (You found it on level 6 of the Dungeon)
 p - a +4 ring of protection (left hand)
   (You found it on level 4 of the Dungeon)
 s - an amulet of the acrobat (around neck)
   (You took it off a gnoll on level 5 of the Dungeon)
 J - the ring of Sunlight (right hand) {rC++ rN+}
   (You found it on level 14 of the Dungeon)

   [ring of positive energy]

   It greatly protects you from cold.
   It protects you from negative energy.
Wands
 l - a wand of enslavement (51)
   (You found it on level 6 of the Dungeon)
 v - a wand of acid (17)
   (You found it on level 2 of the Spider Nest)
 y - a wand of digging (22)
   (You found it on level 9 of the Dungeon)
 I - a wand of paralysis (6)
   (You found it on level 14 of the Dungeon)
 L - a wand of iceblast (10)
   (You found it on level 2 of the Depths)
Scrolls
 a - 2 scrolls of holy word
 f - 2 scrolls of summoning
 i - 5 scrolls of magic mapping
 k - 6 scrolls of fog
 r - a scroll of identify
 t - 5 scrolls of teleportation
 x - 9 scrolls of remove curse
 z - 3 scrolls of blinking
 B - 2 scrolls of vulnerability
 D - 2 scrolls of fear
 H - 3 scrolls of enchant weapon
 K - a scroll of brand weapon
 M - 8 scrolls of immolation
Potions
 d - 6 potions of might
 e - 7 potions of flight
 h - 4 potions of haste
 j - a potion of cancellation
 m - 6 potions of magic
 n - 3 potions of lignification
 q - 8 potions of curing
 w - 3 potions of heal wounds
 O - a potion of invisibility
 Q - 3 potions of ambrosia
 T - 4 potions of mutation
Miscellaneous
 F - a condenser vane (2/2)
   (You bought it in a shop on level 2 of the Orcish Mines)


   Skills:
 * Level 22.2 Fighting
 - Level 18.0 Axes
 + Level 16.7 Armour
 + Level 14.5 Dodging
 + Level 16.7 Shields
 - Level 12.0 Invocations
 - Level 5.0 Evocations


You had 19 spell levels left.
You didn't know any spells.
Your spell library was empty.

Dungeon Overview and Level Annotations

Branches:
Dungeon (15/15)            Temple (1/1) D:7            Lair (5/6) D:10
 Shoals (4/4) Lair:4       Spider (4/4) Lair:3          Orc (2/2) D:12
    Elf (0/3) Orc:2        Vaults (0/5) D:14         Depths (5/5) D:15
Ossuary (visited)
  Slime: Lair:5-6       Zot: Depths:5

Altars:
Ashenzari
Cheibriados
Dithmenos
Elyvilon
Fedhas
Gozag
Hepliaklqana
Kikubaaqudgha
Nemelex Xobeh
Okawaru
Qazlal
Ru
Sif Muna
Trog
Uskayaw
Vehumet
Wu Jian
Xom
Yredelemnul
Zin
The Shining One
Beogh
Jiyva
Lugonu

Shops:
D:9 *   D:12 [(   Orc:2 ?[}*   Depths:4 =(*

Portals:
Hell: Depths:4
Abyss: Depths:4
Trove: D:10 (give 14 potions of heal wounds)

Annotations:
D:4 1 runed translucent door, LostGamesStreakFreak's ghost, amateur TeSu
D:6 3 runed translucent doors, Lanoc's ghost, weakling KoDe; p0werm0de's ghost, novice MiFi
D:8 3 runed translucent doors, Apogee's ghost, novice DEFE
D:9 exclusion: oklob sapling
D:12 2 transporters, Nosidet's ghost, journeyman GrEE
D:13 3 runed translucent doors, Voir's ghost, journeyman DrCj
D:15 1 runed translucent door, Omnid's ghost, journeyman MiFi
Shoals:2 exclusion: oklob plant
Shoals:3 1 runed translucent door, Myguam's ghost, adept GnWn


Innate Abilities, Weirdness & Mutations

You reflexively headbutt those who attack you in melee.
You have a pair of horns on your head.
Your body sometimes deteriorates upon taking damage.


Message History

You block the smoke demon's attack.
The lich touches you but does no damage.
The small abomination hits you but does no damage.
The smoke demon gestures at you.
The sticky flame hits you but does no damage.
You are covered in liquid flames!
You block the lich's attack.
The small abomination hits you but does no damage.
Found an abyssal rune of Zot.
There is an open door, spattered with blood here.
You see here a swamp dragon corpse.
You are too injured to fight recklessly!
You are too injured to fight recklessly!
You closely miss the small abomination.
Your headbutt misses the small abomination.
You closely miss the lich. You slash the smoke demon!
You are covered in liquid flames!
The lich gestures at you while chanting.
The crystal spear hits you!!!!
You die...
PP P

#.. .# # φ..
. .# ## .. #
. .. #.##.
+## # . . .
#..#.# #.#.
..#
#....###.#..
. .
#..3#.'## #
# PP #
#.∩x@†.# # .
. .
#...L#.## #
##...### .
... . .#
#... . # #.
..... .. . #
. ..#..v. .
.# ###.###.
# . # # # ..
#.# # # #


You could see a lich (fast), a spatial maelstrom, a smoke demon and a small
abomination.

Vanquished Creatures
  A golden dragon (Depths:5)
  5 bone dragons
  Arachne (Spider:4)
  3 liches
  A hellephant (Abyss:4)
  Jorgrun (Orc:2)
  2 krakens
  An Executioner (Abyss:4)
  2 tentacled starspawn (Abyss:4)
  A thorn hunter (Abyss:4)
  Polyphemus (Shoals:4)
  A shadow dragon (Abyss:4)
  2 tengu reavers
  A storm dragon (Depths:5)
  Ilsuiw (Shoals:3)
  7 fire giants
  A deep elf sorcerer (Abyss:4)
  3 frost giants
  2 ghost moths (Spider:4)
  3 emperor scorpions
  An iron dragon (Depths:4)
  2 orc warlords (Orc:2)
  9 very ugly things
  A deep elf elementalist (Depths:2)
  2 draconian stormcallers (Depths:5)
  An entropy weaver (Spider:3)
  6 stone giants
  2 vampire knights (Depths:4)
  A lorocyproca (Abyss:1)
  A black draconian (Depths:5)
  A white draconian (Depths:5)
  2 red draconians
  A spark wasp (Spider:4)
  2 yellow draconians (Depths:5)
  6 merfolk javelineers
  6 merfolk impalers
  7 ettins
  2 jiangshi (Depths:1)
  3 fire dragons
  4 yaktaur captains
  9 great orbs of eyes
  4 rakshasas
  A quicksilver dragon skeleton (Abyss:4)
  2 naga warriors (Abyss:4)
  5 ice dragons
  4 spriggan air magi
  4 hydras
  6 centaur warriors
  2 merfolk avatars (Shoals:4)
  2 catoblepae
  A vault guard (D:14)
  2 ogre magi
  3 merfolk aquamancers
  2 alligator snapping turtles (Shoals:4)
  5 satyrs
  A death knight (D:14)
  11 two-headed ogres
  4 death yaks (Shoals:4)
  5 tengu warriors
  3 hell hogs (Abyss:3)
  5 orc high priests
  2 vampire magi
  A thrashing horror (Abyss:4)
  A deep troll shaman (Depths:4)
  2 deep troll earth magi
  6 wretched stars
  5 spriggan berserkers
  A titan skeleton (Abyss:1)
  2 shadow wraiths
  2 spatial maelstroms (Abyss:4)
  An iron troll (Depths:4)
  15 large abominations
  3 flayed ghosts
  A hell knight (Depths:5)
  2 unseen horrors
  8 deep trolls
  11 sea snakes
  2 wizards (D:13)
  2 swamp dragons (Abyss:4)
  A glowing orange brain (Abyss:4)
  17 harpies
  2 deep elf magi (D:13)
  2 phantasmal warriors
  6 necromancers
  3 orc knights (Orc:2)
  A mana viper (Abyss:3)
  13 orb spiders
  21 wolf spiders
  2 cyclopes
  7 fauns
  30 ugly things
  6 orc sorcerers
  3 worldbinders (Abyss:4)
  A moth of wrath (Spider:4)
  11 manticores
  3 apocalypse crabs (Abyss:4)
  8 merfolk sirens
  2 guardian serpents (Abyss:4)
  A dire elephant zombie (Abyss:4)
  Joseph (D:8)
  4 cane toads
  9 water nymphs
  2 black mambas (Lair:2)
  2 torpor snails (Spider:1)
  A naga mage (D:13)
  3 smoke demons
  A shock serpent skeleton (Abyss:4)
  2 rime drakes
  2 ice devils (D:12)
  An efreet (Abyss:4)
  A hellwing (Abyss:4)
  2 guardian mummies (D:10)
  2 freezing wraiths (D:14)
  6 yaktaurs
  2 demonic crawlers
  2 tengu conjurers (D:14)
  2 ancient zymes
  A silent spectre (Abyss:4)
  12 hornets
  22 jumping spiders
  8 trolls
  24 merfolk
  13 raiju
  3 wind drakes
  9 hippogriffs
  Prince Ribbit (D:8)
  4 blink frogs (Lair:4)
  9 slime creatures (Depths:2)
  6 snapping turtles
  An ice dragon zombie (Abyss:4)
  2 ynoxinuls
  9 flying skulls
  3 shadows
  49 redbacks
  11 water elementals
  17 starcursed masses
  A wyvern (D:13)
  5 spriggans (Depths:4)
  28 tarantellas
  25 yaks
  2 vampires
  2 basilisks
  2 fire bats (Abyss:4)
  2 neqoxecs (Abyss:4)
  4 chaos spawn
  19 humans (D:14)
  7 vampire mosquitoes
  4 spatial vortices (Abyss:4)
  6 wargs
  A naga (Abyss:4)
  An acid dragon (D:13)
  6 water moccasins
  8 porcupines
  50 orc warriors
  6 sky beasts
  7 phantoms
  3 black bears
  2 necrophages
  2 ice beasts
  An eye of draining (D:12)
  13 ogres
  4 wolves (Lair:3)
  11 centaurs
  4 boggarts (Depths:4)
  7 crocodiles
  3 big kobolds
  16 bullfrogs
  A gnoll sergeant (D:8)
  2 wyvern zombies
  4 scorpions
  16 small abominations
  7 killer bees
  2 howler monkeys
  18 wights
  3 electric eels
  2 bullfrog zombies (D:5)
  4 crimson imps (D:5)
  3 quasits
  2 centaur zombies
  2 human zombies (Ossuary)
  A gnoll shaman (D:4)
  5 jellies
  14 orc wizards
  37 orc priests
  Crazy Yiuf (D:5)
  5 hounds
  3 bullfrog skeletons
  3 iron imps
  Jessica (D:2)
  7 centaur skeletons
  7 iguanas
  4 yak simulacra (Lair:3)
  10 worker ants
  2 polar bear simulacra (Lair:3)
  A killer bee zombie (D:9)
  2 wolf simulacra (Lair:3)
  A big kobold zombie (Ossuary)
  2 hound zombies (D:5)
  2 mummies (Ossuary)
  A worker ant zombie (D:7)
  Robin (D:2)
  19 adders
  18 gnolls
  2 shadow imps
  4 white imps
  An ufetubus (D:5)
  An ooze (D:1)
  An adder zombie (D:8)
  2 adder skeletons
  4 worms
  2 dart slugs
  5 leopard geckos
  117 orcs
  6 ball pythons
  6 giant cockroaches
  9 goblins
  7 hobgoblins (D:2)
  7 jackals
  3 quokkas
  A ball python skeleton (D:4)
  5 bats
  2 frilled lizards
  A goblin zombie (Ossuary)
  12 hobgoblin zombies (Ossuary)
  2 jackal zombies
  17 kobolds
  5 kobold zombies (Ossuary)
  A leopard gecko zombie (D:5)
  10 orc zombies (Ossuary)
  A quokka skeleton (D:5)
  A quokka zombie (D:9)
  3 rats (D:2)
  3 rat zombies (Ossuary)
  3 river rat simulacra (Lair:3)
  A briar patch (Abyss:4)
  2 bushes (D:13)
  A plant (Lair:4)
  7 tentacles
1357 creatures vanquished.

Vanquished Creatures (others)
  A hell hog (Abyss:3)
  2 orb spiders
  A faun (Shoals:4)
  A redback (Spider:3)
  20 fungi
  2 lurking horrors (Abyss:4)
  229 plants
  6 starspawn tentacles (Abyss:4)
  8 tentacles
  11 withered plants
281 creatures vanquished.

Grand Total: 1638 creatures vanquished

Notes
Turn   | Place    | Note
-------+----------+-------------------------------------------
     0 | D:1      | Flugslaktarn the Minotaur Fighter began the quest for the
                  | Orb.
     0 | D:1      | Reached XP level 1. HP: 19/19 MP: 0/0
   265 | D:1      | Reached XP level 2. HP: 27/27 MP: 1/1
   306 | D:1      | Reached skill level 4 in Fighting
   341 | D:2      | Reached XP level 3. HP: 33/33 MP: 2/2
   369 | D:2      | Noticed a phantom
   400 | D:2      | Killed a phantom
   400 | D:2      | Reached XP level 4. HP: 9/41 MP: 3/3
   623 | D:2      | Reached skill level 5 in Fighting
   623 | D:2      | Reached XP level 5. HP: 44/48 MP: 4/4
   695 | D:2      | Noticed Robin
   714 | D:2      | Killed Robin
   822 | D:2      | Noticed Jessica
   835 | D:2      | Killed Jessica
   913 | D:2      | Found a blossoming altar of Fedhas.
  1088 | D:4      | Found a white marble altar of Elyvilon.
  1112 | D:4      | Noticed a phantom
  1123 | D:4      | Killed a phantom
  1123 | D:4      | Reached skill level 5 in Axes
  1123 | D:4      | Reached XP level 6. HP: 51/57 MP: 5/5
  1221 | D:4      | Reached skill level 6 in Fighting
  1413 | D:4      | Reached skill level 5 in Shields
  1582 | D:4      | Found a runed translucent door.
  1584 | D:4      | Noticed LostGamesStreakFreak's ghost (amateur TeSu)
  1683 | D:4      | Reached skill level 5 in Armour
  1683 | D:4      | Reached XP level 7. HP: 55/64 MP: 6/6
  1862 | D:5      | Entered Level 5 of the Dungeon
  2002 | D:5      | Reached skill level 7 in Fighting
  2099 | D:5      | Reached XP level 8. HP: 67/73 MP: 7/7
  2142 | D:5      | Found a shimmering altar of Xom.
  2346 | D:5      | Found a sand-covered staircase.
  2362 | Ossuary  | Entered an ossuary
  2540 | Ossuary  | Reached skill level 8 in Fighting
  2886 | D:5      | Found a shimmering blue altar of Sif Muna.
  2983 | D:5      | Found a basalt altar of Yredelemnul.
  2990 | D:5      | Found a snail-covered altar of Cheibriados.
  3116 | D:5      | Found a runed translucent door.
  3117 | D:5      | Noticed Crazy Yiuf
  3195 | D:5      | Killed Crazy Yiuf
  3277 | D:5      | Became a worshipper of Cheibriados the Contemplative
  3493 | D:6      | Found a runed translucent gate.
  3494 | D:6      | Found a runed translucent gate.
  3495 | D:6      | Found a runed translucent gate.
  3496 | D:6      | Noticed Lanoc's ghost (weakling KoDe)
  3497 | D:6      | Noticed p0werm0de's ghost (novice MiFi)
  4179 | D:7      | Found a staircase to the Ecumenical Temple.
  4209 | Temple   | Entered the Ecumenical Temple
  4458 | D:7      | Found an opulent altar of Gozag.
  4786 | D:8      | Noticed a hippogriff
  4797 | D:8      | Killed a hippogriff
  4797 | D:8      | Reached skill level 9 in Fighting
  4797 | D:8      | Reached skill level 1 in Dodging
  4797 | D:8      | Reached XP level 9. HP: 65/83 MP: 8/8
  4814 | D:8      | Reached * piety under Cheibriados
  4824 | D:8      | Reached skill level 1 in Invocations
  4921 | D:8      | Noticed Prince Ribbit
  4926 | D:8      | Killed Prince Ribbit
  4961 | D:8      | Noticed Joseph
  4975 | D:8      | Killed Joseph
  5054 | D:8      | Reached ** piety under Cheibriados
  5076 | D:8      | Reached skill level 10 in Fighting
  5391 | D:8      | Found a hazy altar of Hepliaklqana.
  5437 | D:8      | Reached XP level 10. HP: 66/92 MP: 10/10
  5730 | D:8      | Found a shadowy altar of Dithmenos.
  5949 | D:8      | Found a runed translucent gate.
  5949 | D:8      | Found a runed translucent gate.
  5950 | D:8      | Found a runed translucent gate.
  5950 | D:8      | Noticed Apogee's ghost (novice DEFE)
  5952 | D:8      | Found a viscous altar of Jiyva.
  5994 | D:8      | Reached skill level 10 in Axes
  6171 | D:9      | Found Boofyrr's General Store.
  6178 | D:9      | Reached *** piety under Cheibriados
  6234 | D:9      | Bought a potion of might for 48 gold pieces
  6618 | D:9      | Noticed a manticore
  6630 | D:9      | Killed a manticore
  6630 | D:9      | Reached **** piety under Cheibriados
  6984 | D:9      | Reached skill level 11 in Fighting
  7169 | D:10     | Entered Level 10 of the Dungeon
  7326 | D:10     | Found a staircase to the Lair.
  7640 | D:10     | Reached ***** piety under Cheibriados
  7860 | D:10     | Found a portal to a secret trove of treasure.
  8344 | D:10     | Reached XP level 11. HP: 101/101 MP: 13/13
  8591 | D:11     | Noticed a two-headed ogre
  8598 | D:11     | Killed a two-headed ogre
  8701 | D:11     | Got a crude chain mail
  8740 | D:11     | Identified the +6 chain mail "Tomuopafem" {Dex+3} (You
                  | found it on level 11 of the Dungeon)
  9042 | D:12     | Found a frozen archway.
  9055 | D:12     | Reached skill level 5 in Dodging
  9144 | D:12     | Found Hecvaetu's Armour Boutique.
  9144 | D:12     | Found a staircase to the Orcish Mines.
  9146 | D:12     | Noticed a centaur warrior
  9161 | D:12     | Killed a centaur warrior
  9286 | D:12     | Noticed a two-headed ogre
  9295 | D:12     | Killed a two-headed ogre
  9295 | D:12     | Reached skill level 12 in Fighting
  9309 | D:12     | Reached skill level 5 in Invocations
  9475 | D:12     | Found Ismin's Antique Weapon Boutique.
  9480 | D:12     | Bought a faintly glowing broad axe for 189 gold pieces
  9480 | D:12     | Identified the +11 broad axe of Somewhere Else {vorpal,
                  | Fragile rElec rPois Str+6} (You bought it in a shop on
                  | level 12 of the Dungeon)
  9637 | D:12     | Noticed a two-headed ogre
  9642 | D:12     | Killed a two-headed ogre
  9770 | D:12     | Found a roughly hewn altar of Beogh.
  9779 | D:12     | Reached ****** piety under Cheibriados
 10130 | D:12     | Noticed a two-headed ogre
 10133 | D:12     | Killed a two-headed ogre
 10181 | D:12     | Found a transporter.
 10182 | D:12     | Noticed Nosidet's ghost (journeyman GrEE)
 10183 | D:12     | Identified the +6 great mace "Fyimneg" {vorpal, Str+4}
 10183 | D:12     | Noticed a two-headed ogre
 10184 | D:12     | Found a transporter.
 10184 | D:12     | Noticed a two-headed ogre
 10188 | D:12     | Noticed a two-headed ogre
 10392 | D:13     | Noticed a centaur warrior
 10394 | D:13     | Reached XP level 12. HP: 98/112 MP: 15/15
 10399 | D:13     | Killed a centaur warrior
 10577 | D:13     | Reached skill level 13 in Fighting
 10932 | D:13     | Noticed a blizzard demon
 10966 | D:13     | Reached skill level 10 in Shields
 10967 | D:13     | Noticed an ogre mage
 10971 | D:13     | Paralysed by a wizard for 5 turns
 10983 | D:13     | Killed an ogre mage
 10983 | D:13     | Reached skill level 10 in Armour
 11249 | D:13     | Found a white marble altar of Elyvilon.
 11289 | D:13     | Found the +12 glaive of Prune {vorpal}
 11331 | D:13     | Noticed a vampire mage
 11334 | D:13     | Killed a vampire mage
 11338 | D:13     | Found a runed translucent gate.
 11338 | D:13     | Found a runed translucent gate.
 11338 | D:13     | Found a runed translucent gate.
 11414 | D:13     | Noticed Voir's ghost (journeyman DrCj)
 11549 | D:14     | Noticed an eight-headed hydra
 11553 | D:14     | Killed a ten-headed hydra
 11648 | D:14     | Noticed a six-headed hydra
 11653 | D:14     | Killed a nine-headed hydra
 11745 | D:14     | Noticed a centaur warrior
 11755 | D:14     | Killed a centaur warrior
 11889 | D:14     | Noticed a centaur warrior
 11892 | D:14     | Killed a centaur warrior
 11892 | D:14     | Reached XP level 13. HP: 114/123 MP: 15/17
 11969 | D:14     | Reached skill level 14 in Fighting
 12038 | D:14     | Got a brightly glowing wooden ring
 12139 | D:14     | Found a gate to the Vaults.
 12794 | D:14     | Identified a scroll of acquirement
 12794 | D:14     | Acquired 1440 gold pieces
 12801 | D:14     | Identified the ring of Sunlight {rC++ rN+} (You found it on
                  | level 14 of the Dungeon)
 12822 | D:15     | Entered Level 15 of the Dungeon
 12914 | D:15     | Found a runed translucent door.
 12915 | D:15     | Noticed Omnid's ghost (journeyman MiFi)
 13341 | D:15     | Found a staircase to the Depths.
 13341 | D:15     | Noticed a fire giant
 13347 | D:15     | Killed a fire giant
 13347 | D:15     | Reached skill level 15 in Fighting
 13981 | Orc:1    | Entered Level 1 of the Orcish Mines
 14084 | Orc:1    | Reached XP level 14. HP: 135/135 MP: 18/18
 14212 | Orc:2    | Entered Level 2 of the Orcish Mines
 14223 | Orc:2    | Noticed Jorgrun
 14238 | Orc:2    | Killed Jorgrun
 14238 | Orc:2    | Reached skill level 15 in Axes
 14399 | Orc:2    | Found a roughly hewn altar of Beogh.
 14528 | Orc:2    | Found Togetro's Magic Scroll Boutique.
 14528 | Orc:2    | Noticed an orc warlord
 14535 | Orc:2    | Killed an orc warlord
 14539 | Orc:2    | Bought a scroll of enchant armour for 97 gold pieces
 14606 | Orc:2    | Found Mapn's Armour Shop.
 14616 | Orc:2    | Bought the +1 pair of gloves of the Serpent {rF+ SInv} for
                  | 470 gold pieces
 14868 | Orc:2    | Paralysed by an orc sorcerer for 5 turns
 14934 | Orc:2    | Found a staircase to the Elven Halls.
 15123 | Orc:2    | Noticed an orc warlord
 15141 | Orc:2    | Killed an orc warlord
 15384 | Orc:2    | Found a roughly hewn altar of Beogh.
 15411 | Orc:2    | Found Cogacest's General Store.
 15456 | Orc:2    | Found Ohuijer's Gadget Emporium.
 15479 | Orc:2    | Bought a condenser vane (2/2) for 340 gold pieces
 16204 | Lair:1   | Entered Level 1 of the Lair of Beasts
 16462 | Lair:2   | Reached skill level 16 in Fighting
 16493 | Lair:2   | Reached skill level 1 in Evocations
 17723 | Lair:3   | Found a hole to the Spider Nest.
 17948 | Lair:4   | Found a staircase to the Shoals.
 18209 | Lair:4   | Reached XP level 15. HP: 144/144 MP: 20/20
 18713 | Spider:1 | Entered Level 1 of the Spider Nest
 19428 | Spider:4 | Entered Level 4 of the Spider Nest
 19434 | Spider:4 | Noticed Arachne
 19448 | Spider:4 | Killed Arachne
 19448 | Spider:4 | Reached skill level 10 in Dodging
 19465 | Spider:4 | Reached skill level 17 in Fighting
 19769 | Spider:4 | Noticed a ghost moth
 19773 | Spider:4 | Killed a ghost moth
 20081 | Spider:4 | Reached XP level 16. HP: 137/155 MP: 16/22
 20221 | Spider:4 | Got a gossamer rune of Zot
 20448 | Shoals:1 | Entered Level 1 of the Shoals
 20474 | Shoals:1 | Got a fine plate armour
 20477 | Shoals:1 | Identified the +1 plate armour of the Cockatrice {Int+2}
                  | (You found it on level 1 of the Shoals)
 21368 | Shoals:3 | Noticed Ilsuiw
 21379 | Shoals:3 | Reached skill level 10 in Invocations
 21399 | Shoals:3 | Killed Ilsuiw
 21399 | Shoals:3 | Reached skill level 5 in Evocations
 21655 | Shoals:3 | Found a runed translucent door.
 21655 | Shoals:3 | Found a shimmering altar of Xom.
 21655 | Shoals:3 | Noticed Myguam's ghost (adept GnWn)
 21665 | Shoals:3 | Noticed a kraken
 21679 | Shoals:3 | Killed a kraken
 21683 | Shoals:4 | Entered Level 4 of the Shoals
 21807 | Shoals:4 | Noticed a kraken
 21816 | Shoals:4 | Killed a kraken
 21827 | Shoals:4 | Reached skill level 18 in Fighting
 22185 | Shoals:3 | Reached XP level 17. HP: 66/165 MP: 15/23
 23597 | Shoals:4 | Got a barnacled rune of Zot
 23616 | Shoals:4 | Noticed Polyphemus
 23631 | Shoals:4 | Killed Polyphemus
 23975 | Depths:1 | Entered Level 1 of the Depths
 24027 | Depths:1 | Reached skill level 19 in Fighting
 24383 | Depths:2 | Found a stormy altar of Qazlal.
 24424 | Depths:2 | Reached XP level 18. HP: 135/176 MP: 25/25
 24495 | Depths:3 | Noticed a lich
 24498 | Depths:3 | Killed a lich
 24811 | Depths:4 | Found Finloro Xuru's General Store.
 24816 | Depths:4 | Found Giadghe's Antique Weapon Emporium.
 24817 | Depths:4 | Found Qiate's Jewellery Shoppe.
 24833 | Depths:4 | You fall into a shaft and drop 1 floor!
 24833 | Depths:5 | Entered Level 5 of the Depths
 24835 | Depths:5 | Reached skill level 20 in Fighting
 24846 | Depths:5 | Reached skill level 15 in Shields
 24852 | Depths:5 | Reached skill level 15 in Armour
 25199 | Depths:5 | Paralysed by a great orb of eyes for 3 turns
 25816 | Depths:5 | Noticed a golden dragon
 25822 | Depths:5 | Killed a golden dragon
 25852 | Depths:5 | Acquired 690 gold pieces
 26262 | Depths:5 | Noticed a lich
 26267 | Depths:5 | Killed a lich
 26383 | Depths:5 | Reached XP level 19. HP: 188/188 MP: 27/27
 26502 | Depths:4 | Found a gateway to Hell.
 26631 | Depths:4 | Reached skill level 21 in Fighting
 26780 | Depths:4 | Noticed a lich
 26785 | Depths:4 | Killed a lich
 26838 | Depths:4 | Found a corrupted altar of Lugonu.
 26838 | Depths:4 | Found a one-way gate to the infinite horrors of the Abyss.
 26890 | Depths:4 | Bought a scroll of blinking for 187 gold pieces
 26918 | Depths:4 | Voluntarily entered the Abyss.
 27371 | Abyss:2  | Noticed a bone dragon
 27382 | Abyss:2  | Killed a bone dragon
 27519 | Abyss:3  | Found a corrupted altar of Lugonu.
 28012 | Abyss:4  | Paralysed by accursed screaming for 1 turns
 28119 | Abyss:4  | Noticed a bone dragon
 28122 | Abyss:4  | Paralysed by an orc sorcerer for 4 turns
 28131 | Abyss:4  | Killed a bone dragon
 28435 | Abyss:4  | Noticed a bone dragon
 28449 | Abyss:4  | Killed a bone dragon
 28494 | Abyss:4  | Noticed a hellephant
 28500 | Abyss:4  | Gained mutation: Your body sometimes deteriorates upon
                  | taking damage. [a neqoxec]
 28531 | Abyss:4  | Killed a hellephant
 28632 | Abyss:4  | Noticed a bone dragon
 28641 | Abyss:4  | Killed a bone dragon
 28803 | Abyss:4  | Noticed a bone dragon
 28815 | Abyss:4  | Killed a bone dragon
 28828 | Abyss:4  | Reached skill level 22 in Fighting
 28941 | Abyss:4  | Reached XP level 20. HP: 200/200 MP: 28/28
 29065 | Abyss:4  | Killed from afar by a lich

Illustrated notes

Levels and vault maps discovered:
D:1:      dpeg_arrival_brainrot, layout_loops_corners
D:2:      layout_loops_cross, nrook_mini_vaults, fedhas_ov_isle_minmay,
          uniq_jessica, uniq_robin
D:3:      layout_basic, demons_altar
D:4:      layout_cave_pools, elyvilon_altar_1, gammafunk_ghost_grave
D:5:      layout_rooms, kennysheep_little_box, kennysheep_slug_shrine,
          kennysheep_mini, led_xom_imps, enter_ossuary_1, serial_undead,
          serial_undead_f, serial_undead_c, serial_undead_b, serial_undead_a,
          kennysheep_generic_room_12, uniq_crazy_yiuf_cottage
D:6:      layout_loops_ring, gammafunk_ghost_cemetery, serial_glass,
          glass_columns_a, glass_columns_a
D:7:      layout_basic, overflow_temple_1_default, temple_fountains
D:8:      layout_loops_cross, lemuel_crystal_altar, grunt_dithmenos_shadows,
          gammafunk_ghost_ooze, uniq_joseph, uniq_prince_ribbit1
D:9:      kennysheep_blocky_room, layout_basic, serial_shops, shop,
          introduction_to_nature_2
D:10:     layout_loops_corners, grunt_lair_entry_orc_guard_hut,
          nicolae_trove_entry_path_of_doom, kennysheep_small_circle
D:11:     layout_rooms
D:12:     layout_roguey [special_room_orc], orc_david_3,
          portal_ice_cave_demonic_guard, gammafunk_ghost_smash, serial_shops,
          nicolae_shop_stone, minmay_diced_spiral
D:13:     layout_cave_pools, serial_park, serial_park_paths
          [serial_park_minivault_5x5_1], serial_park_gazebo
          [serial_park_minivault_5x5_4], gammafunk_ghost_icy,
          minmay_guarded_unrand_prune
D:14:     layout_roguey, grunt_vaults_entry_tiered, chequers_garden,
          minivault_11, nrook_mini_backslash, minmay_misc_feat_x
D:15:     grunt_enter_depths_giant_problem, layout_basic, gammafunk_ghost_grave
Temple:   dshaligram_water_room_temple
Lair:1:   layout_loops_ring
Lair:2:   layout_regular_city, chequers_serial_rivers_micro_d,
          beast_lair_carwin_10
Lair:3:   layout_loops_ring, spider_nest_entry_rubble, st_stairs_9,
          eino_house_with_fridge
Lair:4:   layout_misc_corridors, minmay_shoals_entry_centaurs,
          mumra_transporter_accident, lemuel_fruit_tree
Lair:5:   layout_gridlike, dpeg_slime_entry_corner
Shoals:1: layout_shoals, serial_shops, nicolae_shop_window_shopping,
          nicolae_island_escapes
Shoals:2: layout_shoals, ebering_ghost_xom, nicolae_shoals_this_corrosion
Shoals:3: layout_shoals, ebering_ghost_xom, uniq_ilsuiw
Shoals:4: shoals_end_grunt_garden, layout_shoals, uniq_polyphemus
Spider:1: layout_spider_delve
Spider:2: layout_chambers, ebering_ghost_xom
Spider:3: layout_spider_delve
Spider:4: spider_rune_water, nicolae_arachne_temple
Orc:1:    layout_caves, basic_altar, hangedman_minor_magic
Orc:2:    pubby_orc_utopia, uniq_jorgrun
Depths:1: layout_twisted_cross, enter_ziggurat_f, hex_medium,
          pf_vacation_house_of_asmodeus, serial_bayou_pond_d, minmay_librarian
Depths:2: minmay_the_grid_octo_triangle [minmay_the_grid_octo_chip,
          minmay_the_grid_octo_prize_star,
          minmay_the_grid_octo_vomiting_pacman], layout_cave_pools, hellmouth_1,
          serial_bayou_shore_b, serial_bayou_shore_b
Depths:3: grunt_deathspiral_small, layout_cave_pools, serial_shops,
          bzr_entry_lakeside, minmay_room_of_horrors, grunt_pan_entry_sceptre,
          pf_hell_entry_tar_spiral, kennysheep_minor_cross, drop_trap,
          grunt_ministairs_13, item_on_display_a
Depths:4: minmay_angry_zag, layout_basic, hell_entry, minmay_misc_feat_room,
          abyss_entry_flame_altar, kennysheep_opposing_triangles,
          minmay_shop_star
Depths:5: grunt_zot_entry_gee_three, layout_honeycomb, hex_tiny,
          lightli_too_deep, uniq_frederick
Abyss:4:  base: Depths:5, base: D:6, evilmike_abyss_exit_13,
          doesnt_abyss_rune_brain_food, evilmike_abyss_exit_glass,
          evilmike_abyss_exit_4, evilmike_abyss_exit_12,
          nicolae_abyss_rune_star_stuff, evilmike_abyss_exit_12,
          grunt_abyss_rune_forest_and_sorcery, evilmike_abyss_exit_17,
          minivault_4, nicolae_abyss_rune_star_stuff, minivault_4,
          evilmike_abyss_exit_8, hangedman_abyss_town, due_exit_kobolds,
          hangedman_abyss_rune_flesh_and_stone, nicolae_abyss_rune_left_handed,
          nicolae_abyss_rune_left_handed

Skill      XL: |  1  2  3  4  5  6  7  8  9 10 11 12 13 14 15 16 17 18 19 |
---------------+----------------------------------------------------------+-----
Fighting       | 4 5 6 7 9 10 11 12 13 15 16 17 18 19 20 22 | 22.2
Axes           | 3 4 5 6 8 9 11 12 13 14 16 17 18 | 18.0
Shields        | 4 5 6 7 8 9 10 11 12 13 14 15 16 | 16.7
Armour         | 4 5 6 7 8 9 10 11 12 13 14 15 16 | 16.7
Dodging        | 1 3 4 5 7 8 9 10 11 12 13 14 | 14.5
Invocations    | 2 4 5 6 7 8 9 10 11 12 | 12.0
Evocations     | 1 4 5 |  5.0

Action                   |  1- 3 |  4- 6 |  7- 9 | 10-12 | 13-15 | 16-18 | 19-21 || total
-------------------------+-------+-------+-------+-------+-------+-------+-------++-------
Melee: War axe           |    54 |   104 |   350 |   286 |       |       |       ||   794
       Headbutt          |     9 |    18 |    91 |   135 |   168 |   215 |   132 ||   768
       Broad axe         |       |       |       |   151 |   619 |   754 |   388 ||  1912
Invok: Slouch            |       |       |       |     1 |     7 |     6 |       ||    14
       Step From Time    |       |       |       |       |       |     1 |       ||     1
Evoke: Wand              |       |       |       |     1 |     5 |     8 |       ||    14
       Condenser vane    |       |       |       |       |       |     5 |       ||     5
  Use: Scroll            |       |       |    11 |       |    19 |    14 |     4 ||    48
       Potion            |       |       |       |     1 |     1 |     4 |       ||     6
 Stab: Betrayed ally     |       |       |       |     1 |       |       |       ||     1
Armor: Scale mail        |    11 |    46 |   148 |    52 |       |       |       ||   257
       Chain mail        |       |       |       |    84 |    59 |       |       ||   143
       Plate armour      |       |       |       |    15 |    94 |   252 |       ||   361
       Gold dragon scale |       |       |       |       |       |     3 |   114 ||   117
Dodge: Dodged            |    16 |    41 |   125 |   286 |   368 |   706 |   288 ||  1830
Block: Kite shield       |    20 |    58 |   204 |   363 |   554 |   806 |   400 ||  2405

Table legend: (Time is in decaauts)
 A = Elapsed time spent in this place.
 B = Non-inter-level travel time spent in this place.
 C = Inter-level travel time spent in this place.
 D = Time resting spent in this place.
 E = Time spent auto-exploring this place.
 F = Levels seen in this place.
 G = Mean time per level.
                   A        B        C        D        E       F      G
               +--------+--------+--------+--------+--------+-----+--------+
         Total |  40838 |  37955 |   2883 |   1550 |  28560 |  41 |  996.0 |
       Dungeon |  18475 |  17178 |   1297 |    195 |  14356 |  15 | 1231.7 |
        Temple |    200 |    172 |     28 |      0 |    169 |   1 |  200.0 |
          Lair |   4970 |   4462 |    508 |      0 |   4103 |   5 |  994.0 |
        Shoals |   4319 |   3985 |    334 |    923 |   1802 |   4 | 1079.8 |
   Spider Nest |   2317 |   2014 |    303 |    108 |    999 |   4 |  579.2 |
  Orcish Mines |   3428 |   3188 |    240 |      0 |   2556 |   2 | 1714.0 |
        Depths |   3789 |   3619 |    170 |    242 |   2577 |   5 |  757.8 |
         Abyss |   2885 |   2885 |      0 |     82 |   1655 |   4 |  721.2 |
       Ossuary |    450 |    450 |      0 |      0 |    340 |   1 |  450.0 |
               +--------+--------+--------+--------+--------+-----+--------+

Top non-repeatable levels by time:
   Orc:2: 3013 daAuts
    D:12: 2084 daAuts
    D:14: 2073 daAuts
Depths:5: 2001 daAuts
    D:10: 1952 daAuts
    D:15: 1867 daAuts
    D:13: 1842 daAuts
     D:8: 1700 daAuts
 Abyss:4: 1635 daAuts
Shoals:3: 1591 daAuts
  Lair:4: 1546 daAuts
  Lair:3: 1538 daAuts
     D:9: 1428 daAuts
  Lair:2: 1383 daAuts
Shoals:4: 1365 daAuts
